 Dungeon Crawl Stone Soup version 0.17-a0-946-g1856e96 (console) character file.

146 vogonpoet the Shooter (level 5, 0/70 HPs)
             Began as a Centaur Hunter on May 6, 2015.
             Succumbed to an adder's poison
             ... on level 3 of the Dungeon.
             The game lasted 00:09:47 (3150 turns).

vogonpoet the Shooter (Centaur Hunter)              Turns: 3150, Time: 00:09:47

Health: 0/70       AC: 22    Str: 15    XL:     5   Next: 7%
Magic:  5/5        EV:  1    Int: 10    God:
Gold:   82         SH:  0    Dex: 10    Spells: 0 memorised, 4 levels left

rFire  . . .     SeeInvis .     w - +0 halberd
rCold  . . .     Clarity  .     (armour currently unavailable)
rNeg   + + +     SustAb   +     (no shield)
rPois  +         Gourm    .     (helmet currently unavailable)
rElec  .         Spirit   .     (cloak currently unavailable)
rCorr  .         Warding  .     (gloves currently unavailable)
rMut   .         NoTele   +     (no barding)
MR     .....                    (no amulet)
Stlth  +.........               t - ring of sustain abilities
                                s - +3 ring of evasion

@: lethally poisoned (0 -> -1), tree-form, not resistant to hostile
enchantments, very unstealthy
A: (hooves 0), (deformed body), (speed 0), (tough skin 0)
a: no special abilities


You were on level 3 of the Dungeon.
You were not hungry.
You were a tree.
You visited 1 branch of the dungeon, and saw 4 of its levels.

You collected 82 gold pieces.

Inventory:

Hand weapons
 a - a +0 short sword
 b - a +1 shortbow
 w - a +0 halberd (weapon)
Missiles
 c - 28 arrows
 q - 23 poisoned needles
 u - 5 javelins (quivered)
Armour
 d - a +0 leather armour
 j - a +0 scale mail (melded)
Jewellery
 s - a +3 ring of evasion (left branch)
 t - a ring of sustain abilities (right branch)
Scrolls
 f - 3 scrolls of amnesia {unknown}
 l - a scroll of remove curse {unknown}
 m - 3 scrolls of identify {unknown}
 n - 2 scrolls of recharging {unknown}
 o - a scroll of teleportation {unknown}
 p - a scroll of fog {unknown}
 v - a scroll of enchant armour {unknown}
Potions
 g - a potion of magic
 h - a potion of lignification
 k - a potion of flight {unknown}
Comestibles
 e - 2 bread rations
 i - a beef jerky
 r - 2 chunks of flesh


   Skills:
 - Level 4.3 Fighting
 - Level 6.6 Bows
 - Level 1.3 Dodging
 - Level 0.5 Stealth


You had 4 spell levels left.
You didn't know any spells.

Dungeon Overview and Level Annotations

Branches:
Dungeon (4/15)
 Temple: D:4-7

Altars:
Sif Muna

Annotations:
D:1 1 runed door
D:3 Eustachio; vogonpoet's ghost, average CeHu


Innate Abilities, Weirdness & Mutations

((You have hooves in place of feet.))
((Armour fits poorly on your strangely shaped body.))
((You cover ground very quickly.))
((You have extremely tough skin (AC +3).))


Message History

The river rat is moderately wounded.
The iron imp disappears in a puff of smoke!
The adder bites you but does no damage.
The river rat bites you but does no damage.
The adder completely misses you.
The river rat bites you but does no damage.
You slash the river rat!
The river rat is almost dead.
You feel sick. The adder bites you but does no damage.
The adder bites you but does no damage. The river rat bites you.
* * * LOW HITPOINT WARNING * * *
You closely miss the river rat.
The river rat is almost dead.
The adder bites you but does no damage.
The river rat bites you but does no damage.
The adder bites you but does no damage. The river rat bites you.
* * * LOW HITPOINT WARNING * * *
You barely miss the adder.
The adder is severely wounded.
You die...

#......
#....##### #.#
#.......
#W##.########.#
#.##..#.......#
#.###.#.#######
#.# #.#.#
########.###.#.#
#............#.#
#.######.#####r#
#....5S♣#
#########


You could see an adder, a river rat and an ufetubus.

Vanquished Creatures
  Terence (D:1)
  3 gnolls (D:3)
  2 adders
  2 worms (D:2)
  2 giant geckos (D:3)
  3 giant cockroaches
  9 goblins
  10 hobgoblins
  9 jackals
  2 quokkas
  3 ball pythons
  6 bats
  3 giant newts (D:1)
  3 kobolds
  6 rats
64 creatures vanquished.

Notes
Turn   | Place    | Note
--------------------------------------------------------------
     0 | D:1      | vogonpoet, the Centaur Hunter, began the quest for the Orb.
     0 | D:1      | Reached XP level 1. HP: 17/17 MP: 1/1
     1 | D:1      | Found a runed door.
   116 | D:1      | Reached XP level 2. HP: 14/24 MP: 2/2
   150 | D:1      | Reached skill level 6 in Bows
   890 | D:2      | Noticed Terence
  1008 | D:1      | Killed Terence
  1008 | D:1      | Reached XP level 3. HP: 12/30 MP: 3/3
  1644 | D:2      | Reached XP level 4. HP: 34/38 MP: 4/4
  1748 | D:2      | Found a deep blue altar of Sif Muna.
  2205 | D:3      | Noticed vogonpoet's ghost (average CeHu)
  2714 | D:3      | Reached XP level 5. HP: 40/46 MP: 5/5
  3114 | D:4      | Noticed Eustachio
  3118 | D:4      | Noticed a centaur
  3148 | D:3      | HP: 1/70 [river rat[Eustachio] (3)]
  3150 | D:3      | Succumbed to an adder's poison

Action                   |  1- 3 |  4- 6 || total
-------------------------+-------+-------++-------
Melee: Short sword       |   118 |   117 ||   235
       Halberd           |       |    15 ||    15
 Fire: Shortbow          |    30 |    32 ||    62
Throw: Javelin           |       |     3 ||     3
  Use: Potion            |       |     2 ||     2
  Eat: Chunk             |     2 |       ||     2
       Bread ration      |       |     1 ||     1
